 Dungeon Crawl Stone Soup version 0.19.0-16-g73b5abf (webtiles) character file.

392 KarmaPolice the Shooter (level 7, 0/46 HPs)
             Began as a Halfling Hunter on Nov 10, 2016.
             Was an Initiate of Okawaru.
             Succumbed to a scorpion's poison
             ... on level 4 of the Dungeon.
             The game lasted 00:14:48 (5863 turns).

KarmaPolice the Shooter (Halfling Hunter)           Turns: 5863, Time: 00:14:48

Health: 0/46       AC:  3    Str: 12 (13) XL:     7   Next: 8%
Magic:  7/7        EV: 16    Int: 11 (14) God:    Okawaru [......]
Gold:   211        SH:  0    Dex: 15 (17) Spells: 0 memorised, 6 levels left

rFire  . . .     SeeInvis .     b - +0 short sword
rCold  . . .     Gourm    .     c - +0 leather armour
rNeg   . . .     Faith    .     (shield restricted)
rPois  .         Spirit   .     (no helmet)
rElec  .         Reflect  .     (no cloak)
rCorr  .         Harm     .     (no gloves)
MR     .....                    (no boots)
Stlth  ++........               (no amulet)
                                (no ring)
                                (no ring)

@: brilliant, lethally poisoned (0 -> -7), very slightly contaminated, hasted,
invisible, very quick
A: mutation resistance 1
a: Renounce Religion


You were on level 4 of the Dungeon.
You worshipped Okawaru.
Okawaru was noncommittal.
You were hungry.

You visited 2 branches of the dungeon, and saw 6 of its levels.

You collected 211 gold pieces.

Inventory:

Hand Weapons
 a - a +1 shortbow
 b - a +0 short sword (weapon)
Armour
 c - a +0 leather armour (worn)
Scrolls
 h - a scroll of recharging
 j - 2 scrolls of amnesia
 k - 4 scrolls of remove curse
 m - a scroll of noise
 o - a scroll of teleportation {unknown}
 q - a scroll of immolation {unknown}
Comestibles
 f - 4 bread rations
 l - 3 meat rations
 p - 4 beef jerkies


   Skills:
 + Level 3.3 Fighting
 + Level 3.7 Short Blades
 + Level 5.7 Bows
 - Level 4.1 Dodging
 - Level 1.1 Stealth
   Level 0.0 Shields
 + Level 1.0 Invocations


You had 6 spell levels left.
You didn't know any spells.

Dungeon Overview and Level Annotations

Branches:
Dungeon (5/15)             Temple (1/1) D:4

Altars:
Ashenzari
Cheibriados
Dithmenos
Elyvilon
Fedhas
Hepliaklqana
Kikubaaqudgha
Makhleb
Nemelex Xobeh
Okawaru
Ru
Sif Muna
Trog
Uskayaw
Vehumet
Zin

Annotations:
D:3 dysrexia's ghost, amateur HuMo


Innate Abilities, Weirdness & Mutations

You are small and have problems with some larger weapons.
You are somewhat resistant to further mutation.


Message History

* * * LOW HITPOINT WARNING * * *
You feel sick.
* * * LOW HITPOINT WARNING * * *
You feel sick.
* * * LOW HITPOINT WARNING * * *
You feel sick.
It was a potion of brilliance.
You feel clever all of a sudden.
* * * LOW HITPOINT WARNING * * *
You feel sick.
It was a potion of degeneration.
There was something very wrong with that liquid.
You feel weakened.
You feel dopey.
You feel clumsy.
* * * LOW HITPOINT WARNING * * *
You feel sick.
It was a potion of invisibility.
You fade into invisibility!
* * * LOW HITPOINT WARNING * * *
You feel sick.
You die...

.. .#
####### .#
#.....# .#
#.###.#
.####
#.#.#.#
.#..
#s#.#.#
.#.#
#.#<#.#
.#.###...
#.#.#.#
........s
#.@.#.#
.#.###.#.
#####.#
.#.# ..#
.... ...
##.###.#
##.# #.#
.... ...
.#.###.###
.# .....


You could see a scorpion.

Vanquished Creatures
  A scorpion (D:4)
  A hound (D:4)
  An orc priest (D:4)
  Ijyb (D:2)
  An iguana (D:5)
  2 orc wizards (D:4)
  A worker ant (D:4)
  5 adders
  An ooze (D:2)
  A worm (D:2)
  3 leopard geckos
  10 orcs
  6 giant cockroaches
  15 goblins
  9 hobgoblins
  2 jackals (D:3)
  2 ball pythons
  5 bats
  6 frilled lizards
  9 kobolds
  11 rats
93 creatures vanquished.

Notes
Turn   | Place    | Note
-------+----------+-------------------------------------------
     0 | D:1      | KarmaPolice the Halfling Hunter began the quest for the Orb.
     0 | D:1      | Reached XP level 1. HP: 14/14 MP: 1/1
    69 | D:1      | Reached XP level 2. HP: 19/19 MP: 2/2
   592 | D:1      | Reached skill level 1 in Short Blades
   874 | D:1      | Reached XP level 3. HP: 24/24 MP: 3/3
  1307 | D:2      | Found a faded altar of an unknown god.
  1437 | D:2      | Reached XP level 4. HP: 27/29 MP: 4/4
  1855 | D:3      | Noticed Ijyb
  1891 | D:2      | Killed Ijyb
  1891 | D:2      | Reached skill level 5 in Bows
  1891 | D:2      | Reached XP level 5. HP: 4/35 MP: 5/5
  3014 | D:3      | Found a shadowy altar of Dithmenos.
  3246 | D:3      | Noticed dysrexia's ghost (amateur HuMo)
  3604 | D:3      | Found a radiant altar of Vehumet.
  3787 | D:4      | Reached XP level 6. HP: 34/41 MP: 6/6
  4116 | D:4      | Found a staircase to the Ecumenical Temple.
  4138 | Temple   | Entered the Ecumenical Temple
  4184 | Temple   | Became a worshipper of Warmaster Okawaru
  4504 | D:4      | Noticed an orc warrior
  4599 | D:4      | Noticed an ogre
  4805 | D:5      | Entered Level 5 of the Dungeon
  4894 | D:5      | Noticed an ogre
  4961 | D:4      | Reached XP level 7. HP: 9/46 MP: 7/7
  4975 | D:4      | HP: 2/46 [worker ant (5)]
  5311 | D:4      | Reached skill level 1 in Invocations
  5859 | D:4      | HP: 2/46 [poisoned by a scorpion]
  5863 | D:4      | Succumbed to a scorpion's poison

Skill      XL: |  1  2  3  4  5  6  7 |
---------------+----------------------+-----
Fighting       | 2 3 |  3.3
Short Blades   | 1 2 3 |  3.7
Dodging        | 3 4 |  4.1
Bows           | 5 |  5.7
Invocations    | 1 |  1.0
Stealth        | |  1.1

Action                   |  1- 3 |  4- 6 |  7- 9 || total
-------------------------+-------+-------+-------++-------
Melee: Short sword       |    95 |   130 |    43 ||   268
 Fire: Shortbow          |    21 |   100 |     1 ||   122
  Use: Scroll            |       |     6 |       ||     6
       Potion            |       |     1 |     6 ||     7
 Stab: Sleeping          |       |       |     1 ||     1
  Eat: Chunk             |     2 |    10 |     3 ||    15
Armor: Leather armour    |    18 |    26 |     6 ||    50
Dodge: Dodged            |    83 |   224 |    26 ||   333
Block: Buckler           |     2 |     1 |       ||     3
